 Dungeon Crawl Stone Soup version 0.30-a0-800-g7c544603b3 (webtiles) character file.

Game seed: 7467254978828395789

52105 sasquatch the Marksdraconian (level 14, -2/162 HPs)
             Began as a Black Draconian Hunter on Feb 23, 2023.
             Was a High Priest of Jiyva.
             Shot with a bolt by an orc knight (7 damage)
             ... while paralysed by an orc sorcerer
             ... on level 2 of the Orcish Mines.
             The game lasted 00:35:52 (15281 turns).

sasquatch the Marksdraconian (DrHu)                Turns: 15281, Time: 00:35:52

Health: -2/162     AC: 16    Str: 27    XL:     14   Next: 25%
Magic:  0/24       EV:  2    Int: 13    God:    Jiyva [*****.]
Gold:   1080       SH:  0    Dex: 18    Spells: 11/13 levels left

rFire   . . .      SeeInvis .    y - +2 longbow (flame)
rCold   . . .      Faith    .    (shield currently unavailable)
rNeg    . . .      Spirit   +    (body armour unavailable)
rPois   +          Reflect  .    G - +3 hat of Pondering {ponderous, Will+ MP+10 Int+5}
rElec   +          Harm     .    J - scarf {repulsion}
rCorr   +          Rampage  .    e - +2 pair of gloves
Will    ++...                    (boots unavailable)
Stlth   ++                       s - amulet of guardian spirit
HPRegen 1.91/turn                u - ring of poison resistance
MPRegen 0.64/turn                A - +6 ring of strength

@: paralysed, calling ooze, flying, repel missiles, slow
A: breathe lightning, AC +8, unfitting armour, big wings, electricity
resistance, cold-blooded, hooves 3, robust 3, strong 2, wild magic 2, gelatinous
body 2, engulf
a: Breathe Lightning, Renounce Religion, Oozemancy, Slimify


You were on level 2 of the Orcish Mines.
You worshipped Jiyva.
Jiyva was extremely pleased with you.
You visited 3 branches of the dungeon, and saw 19 of its levels.
You also visited: Sewer and Ossuary.

You collected 1134 gold pieces.
You spent 54 gold pieces at shops.

Inventory:

Hand Weapons
 k - a +4 scimitar of flaming
 y - a +2 longbow of flaming (weapon)
 C - a +3 scimitar
 K - the +6 falchion of Absolution {flame, rElec rCorr}
   (You found it on level 3 of the Lair of Beasts)

   rElec:     It insulates you from electricity.
   rCorr:     It protects you from acid and corrosion.
 M - the +5 falchion of Infection {freeze, Dex+4}
   (You found it on level 4 of the Lair of Beasts)

   Dex:       It affects your dexterity (+4).
Missiles
 v - 2 atropa-tipped darts
 w - 2 datura-tipped darts
Armour
 e - a +2 pair of gloves (worn)
 B - the +2 cloak of Erreptuibe {Str+4}
   (You found it on level 8 of the Dungeon)

   Str:       It affects your strength (+4).
 G - the +3 hat of Pondering (worn) {ponderous, Will+ MP+10 Int+5}
   (You took it off Gastronok on level 10 of the Dungeon)

   Int:       It affects your intelligence (+5).
   MP:        It affects your magic capacity (+10).
   Will:      It increases your willpower.
 J - a scarf of repulsion (worn)
Jewellery
 s - an amulet of guardian spirit (around neck)
 u - a ring of poison resistance (left hand)
 A - a +6 ring of strength (right hand)
Wands
 r - a wand of polymorph (13)
 t - a wand of charming (14)
 D - a wand of digging (3)
 H - a wand of flame (13)
Scrolls
 a - a scroll of amnesia
 b - 3 scrolls of immolation
 o - 7 scrolls of teleportation
 p - a scroll of vulnerability
 q - 2 scrolls of torment
 E - 2 scrolls of magic mapping
 F - a scroll of fog
 L - 2 scrolls of enchant armour
Potions
 c - 4 potions of lignification
 d - a potion of brilliance
 f - 2 potions of invisibility
 g - 3 potions of attraction
 h - 4 potions of heal wounds
 i - 2 potions of flight
 m - 2 potions of magic
 n - 2 potions of might
 x - 2 potions of curing
 I - a potion of mutation
Miscellaneous
 j - a lightning rod (4/4)


   Skills:
 + Level 11.8 Fighting
 + Level 16.8 Ranged Weapons
 - Level 10.0 Dodging
 - Level 0.8 Stealth
 - Level 10.0 Translocations


You had 11 spell levels left.
You knew the following spells:

 Your Spells              Type           Power      Damage    Failure   Level
a - Blink                 Tloc           82%        N/A       3%          2

Your spell library contained the following spells:

 Spells                   Type           Power      Damage    Failure   Level
 Lesser Beckoning         Tloc           82%        N/A       3%          2
 Passage of Golubria      Tloc           41%        N/A       12%         4
 Momentum Strike          Conj/Tloc      40%        3d9       14%         2
 Vhi's Electric Charge    Tloc/Air       40%        N/A       24%         3
 Kiss of Death            Conj/Necr      0%         2d5       47%         1
 Sting                    Tmut/Pois      0%         1d3       47%         1
 Ensorcelled Hibernation  Hex/Ice        0%         N/A       61%         2
 Poisonous Vapours        Pois/Air       0%         N/A       61%         2
 Static Discharge         Conj/Air       0%         2-2/arc   61%         2
 Sublimation of Blood     Necr           0%         N/A       61%         2
 Confusing Touch          Hex            0%         N/A       82%         3
 Ignite Poison            Fire/Tmut/Pois 0%         N/A       82%         3
 Spider Form              Tmut/Pois      0%         N/A       82%         3
 Tukima's Dance           Hex            0%         N/A       82%         3
 Anguish                  Hex/Necr       0%         N/A       99%         4
 Dispel Undead            Necr           0%         3d6       99%         4
 Olgreb's Toxic Radiance  Pois           0%         N/A       99%         4
 Petrify                  Tmut/Erth      0%         N/A       99%         4
 Sticky Flame             Conj/Fire      0%         2d3       99%         4
 Arcjolt                  Conj/Air       0%         1d10      100%        5
 Irradiate                Conj/Tmut      0%         3d11      100%        5
 Lightning Bolt           Conj/Air       0%         1d11      100%        5
 Yara's Violent Unravell  Hex/Tmut       0%         3d3       100%        5
 Simulacrum               Ice/Necr       0%         N/A       100%        6
 Ignition                 Fire           0%         3d3       100%        8
 Death's Door             Necr           0%         N/A       100%        9


Dungeon Overview and Level Annotations

Branches:
Dungeon (12/15)            Temple (0/1) D:4            Lair (5/5) D:8
 Shoals (0/4) Lair:3       Spider (0/4) Lair:3        Slime (0/5) Lair:4
    Orc (2/2) D:12          Sewer (visited)         Ossuary (visited)
    Elf: Orc:2

Altars:
Cheibriados
Gozag
Makhleb
Okawaru
Sif Muna
Wu Jian
Yredelemnul
Zin
Jiyva

Shops:
D:4 [   D:5 *[   D:11 :   D:12 *   Orc:2 ?(?=

Portals:
Trove: D:12 (give +4 ice dragon scales)

Annotations:
Lair:5 Kirke, Snorg


Innate Abilities, Weirdness & Mutations

You can breathe wild blasts of lightning.
Your glossy black scales are hard. (AC +8)
You cannot fit into any form of body armour.
Your large and strong wings let you fly.
You are resistant to electric shocks. (rElec)
You are cold-blooded and may be slowed by cold attacks.
You have hooves in place of feet.
You are extremely robust. (+30% HP)
Your muscles are very strong. (Str +8, Int/Dex -2)
Your spells are harder to cast, but more powerful.
Your pliable body absorbs attacks. (AC +2, EV +2)
Your melee attacks may engulf your foes in ooze.


Message History

The arrow hits the orc knight but does no damage.
The orc knight is moderately wounded.
The walls burn the orc knight!
The orc knight hits you from afar with a +0 glaive!
The wall burns the orc knight!
The orc knight hits you but does no damage.
The walls burn the orc knight!
The walls burn the orc sorcerer!
The wall burns the rust devil!
The walls burn the orc sorcerer!
The orc sorcerer gestures at you while chanting.
You suddenly lose the ability to move!
The wall burns the orc knight!
The orc knight unwields a +1 vampiric battleaxe.
The orc knight wields a +0 arbalest.
The orc knight shoots a bolt.
The bolt hits you!
The walls burn the orc knight!
The walls burn the rust devil!
The walls burn the orc sorcerer!
The orc sorcerer gestures at you while chanting.
The bolt of fire hits you!!
* * * LOW HITPOINT WARNING * * *
The wall burns the orc knight!
The walls burn the orc knight!
The wall burns the orc knight!
The walls burn the rust devil!
The walls burn the orc sorcerer!
You kill the orc sorcerer!
The walls burn the orc knight!
The orc knight unwields a +0 long sword of flaming.
It stops flaming.
The orc knight wields a +0 arbalest.
The orc knight shoots a bolt.
The bolt hits you!
* * * LOW HITPOINT WARNING * * *
The wall burns the orc knight!
The walls burn the orc knight!
The orc knight unwields a +0 arbalest.
The orc knight wields a +1 vampiric battleaxe.
The orc knight hits you with a +1 vampiric battleaxe!!
* * * LOW HITPOINT WARNING * * *
The orc knight draws strength from your wounds!
Training target 10.0 for Translocations reached!
Your Translocations skill increases to level 10!
You hear a distant slurping noise.
You hear a squelching noise.
The wall burns the orc knight!
The orc knight hits you from afar with a +0 glaive.
* * * LOW HITPOINT WARNING * * *
The walls burn the orc knight!
The orc knight shoots a bolt.
The bolt hits you!
You die...

..........#....#....#
#######.###########...
######.###### .#.#
#...........### ...
...####.####...## .
#.######..##
#.#...###).#
#.#...§.##)#
#.#...§.§#@# ...
#.))o# ... ##oo## #..
...) .##.. # ..# .∩#
##


You could see 3 orc knights.

Vanquished Creatures
  Gastronok (D:10)
  2 orc warlords
  Azrael (Orc:1)
  An ettin (Orc:2)
  Fannar (D:12)
  2 hydras
  An ogre mage (Orc:1)
  A boulder beetle (D:11)
  A centaur warrior (D:12)
  3 two-headed ogres
  2 orc high priests (Orc:2)
  Nergalle (Lair:2)
  A deep troll (Orc:1)
  A lindwurm (Lair:3)
  A wizard (D:8)
  4 orc knights
  An ugly thing (D:12)
  2 cyclopes
  8 orc sorcerers
  5 elephants (Lair:4)
  A merfolk siren (Lair:3)
  A black mamba (Lair:3)
  10 cane toads
  An ice statue (D:9)
  2 gargoyles (D:11)
  Maggie (Lair:2)
  2 komodo dragons
  A komodo dragon (shapeshifter) (D:9)
  8 trolls
  A blink frog (Lair:4)
  A polar bear (Lair:4)
  2 vampires (D:12)
  2 wraiths
  A shadow (D:10)
  46 yaks
  4 wyverns
  3 fire elementals (Orc:2)
  5 basilisks
  A hog (Lair:5)
  3 redbacks (Lair:3)
  3 steam dragons (D:8)
  4 vampire mosquitoes (D:12)
  4 wargs
  31 water moccasins
  2 acid dragons
  A hell hound (Orc:2)
  29 orc warriors
  4 ogres
  39 wolves
  3 centaurs
  A phantom (D:6)
  4 kobold brigands
  10 bullfrogs
  A scorpion (D:6)
  A gnoll sergeant (D:10)
  3 water moccasin zombies (Ossuary)
  11 wights
  8 killer bees (D:9)
  An electric eel (Lair:3)
  2 howler monkeys (D:8)
  3 jellies (Sewer)
  3 hounds
  11 orc priests
  3 iguanas
  24 orc wizards
  A mummy (Ossuary)
  3 gnolls (D:10)
  23 adders
  5 river rats
  3 white imps
  An ufetubus (D:6)
  An adder zombie (Ossuary)
  4 worms
  3 dart slugs
  67 orcs
  11 ball pythons
  18 endoplasms
  7 giant cockroaches
  2 gnoll zombies (Ossuary)
  4 goblins
  8 hobgoblins
  22 kobolds
  2 quokkas
  5 bats
  A frilled lizard (Sewer)
  3 hobgoblin zombies (Ossuary)
  6 kobold zombies (Ossuary)
  An orc zombie (Ossuary)
  27 rats
570 creatures vanquished.

Vanquished Creatures (collateral kills)
  A cyclops (D:11)
1 creature vanquished.

Vanquished Creatures (others)
  A slime creature (Lair:4)
  2 wyverns
  A warg (Orc:1)
  A water moccasin (Lair:3)
  An orc warrior (Orc:1)
  An ice beast (D:6)
  2 centaurs
  A wolf (Lair:1)
  A bullfrog (Lair:1)
  A necrophage (D:4)
  45 jellies
  An orc priest (D:9)
  A hound (D:6)
  A gnoll bouda (D:9)
  2 orc wizards
  Robin (D:3)
  A mummy (Ossuary)
  2 adders
  5 gnolls (D:9)
  A shadow imp (D:5)
  A white imp (D:7)
  3 adder zombies (Ossuary)
  A worm (D:3)
  13 orcs
  A ball python (D:3)
  4 endoplasms
  7 goblins
  4 hobgoblins (D:3)
  A kobold (D:4)
  2 gnoll zombies (Ossuary)
  A hobgoblin zombie (Ossuary)
  3 kobold zombies (Ossuary)
  3 orc zombies (Ossuary)
  2 rats (D:3)
  33 fungi
  70 plants
221 creatures vanquished.

Grand Total: 792 creatures vanquished

Notes
Turn   | Place    | Note
-------+----------+-------------------------------------------
     0 | D:1      | sasquatch the Draconian Hunter began the quest for the Orb.
     0 | D:1      | Reached XP level 1. HP: 17/17 MP: 1/1
   201 | D:1      | Reached skill level 4 in Ranged Weapons
   230 | D:1      | Reached XP level 2. HP: 24/24 MP: 2/2
   338 | D:1      | You fall into a shaft and drop 1 floor!
   408 | D:2      | Reached XP level 3. HP: 23/29 MP: 3/3
   696 | D:1      | Found a faded altar of an unknown god.
  1068 | D:2      | Reached skill level 5 in Ranged Weapons
  1214 | D:3      | Reached XP level 4. HP: 36/36 MP: 4/4
  1263 | D:3      | Found a glowing drain.
  1272 | Sewer    | Entered a sewer
  1369 | Sewer    | Reached XP level 5. HP: 41/41 MP: 5/5
  1401 | Sewer    | Reached skill level 6 in Ranged Weapons
  1452 | Sewer    | Found a viscous altar of Jiyva.
  1543 | Sewer    | Became a worshipper of Jiyva Jirhag the Shapeless
  1632 | D:3      | Reached XP level 6. HP: 48/48 MP: 6/6
  1684 | D:3      | Found an opulent altar of Gozag.
  1811 | D:3      | Found an iron altar of Okawaru.
  2006 | D:3      | Reached * piety under Jiyva
  2124 | D:3      | Killed Robin
  2247 | D:4      | Found Nuyqaeps's Antique Armour Boutique.
  2333 | D:4      | Reached ** piety under Jiyva
  2500 | D:4      | Found a staircase to the Ecumenical Temple.
  2639 | D:5      | Entered Level 5 of the Dungeon
  2650 | D:4      | HP: 1/48 [ogre/+0 giant club (8)]
  2653 | D:4      | Reached skill level 7 in Ranged Weapons
  2767 | D:5      | Reached *** piety under Jiyva
  2849 | D:5      | Found Qatoo's Serpentskin Sales.
  2849 | D:5      | Noticed a water moccasin
  2849 | D:5      | Noticed a water moccasin
  2852 | D:5      | Killed a water moccasin
  2852 | D:5      | Killed a water moccasin
  2853 | D:5      | Reached skill level 8 in Ranged Weapons
  2853 | D:5      | Your scales start taking on a glossy black colour.
  2853 | D:5      | Reached XP level 7. HP: 55/55 MP: 4/7
  2853 | D:5      | Gained mutation: You are resistant to electric shocks.
                  | (rElec) [Black Draconian growth]
  2970 | D:5      | Gained mutation: Your melee attacks may engulf your foes in
                  | ooze. [Jiyva's grace]
  2970 | D:5      | Gained mutation: You are agile. (Dex +4, Str/Int -1)
                  | [Jiyva's grace]
  2970 | D:5      | Gained mutation: You are very agile. (Dex +8, Str/Int -2)
                  | [Jiyva's grace]
  2970 | D:5      | Gained mutation: You have acidic saliva. [Jiyva's grace]
  3002 | D:5      | Found Rodouts's Armour Boutique.
  3200 | D:6      | Found a sand-covered staircase.
  3205 | Ossuary  | Entered an ossuary
  3273 | Ossuary  | Reached skill level 9 in Ranged Weapons
  3356 | D:6      | Reached XP level 8. HP: 47/61 MP: 8/8
  3529 | D:6      | Reached **** piety under Jiyva
  4310 | D:7      | Reached skill level 10 in Ranged Weapons
  4499 | D:7      | Lost mutation: Your melee attacks may engulf your foes in
                  | ooze. [Jiyva's grace]
  4499 | D:7      | Gained mutation: Your melee attacks may engulf your foes in
                  | ooze. [Jiyva's grace]
  4499 | D:7      | Gained mutation: Your muscles are strong. (Str +4, Int/Dex
                  | -1) [Jiyva's grace]
  4499 | D:7      | Gained mutation: Your muscles are very strong. (Str +8,
                  | Int/Dex -2) [Jiyva's grace]
  4499 | D:7      | Gained mutation: Armour fits poorly on your pseudopods.
                  | [Jiyva's grace]
  4690 | D:8      | HP: 3/61 [steam dragon] (12)]
  4861 | D:7      | Reached skill level 11 in Ranged Weapons
  4901 | D:7      | Reached XP level 9. HP: 28/67 MP: 2/9
  5118 | D:8      | Reached skill level 12 in Ranged Weapons
  5217 | D:7      | Reached skill level 13 in Ranged Weapons
  5286 | D:8      | Found a staircase to the Lair.
  5521 | D:8      | Reached XP level 10. HP: 66/73 MP: 10/10
  5611 | D:8      | Identified the +7 ring mail of Zibemn {rPois rN++ Int+2}
  5624 | D:8      | Identified the +2 cloak of Erreptuibe {Str+4}
  5687 | D:8      | Noticed a wizard
  5691 | D:8      | Killed a wizard
  5692 | D:8      | Reached skill level 14 in Ranged Weapons
  6251 | D:9      | Noticed a two-headed ogre
  6264 | D:9      | Killed a two-headed ogre
  6511 | D:9      | Found a basalt altar of Yredelemnul.
  6512 | D:9      | Found a burning altar of Makhleb.
  6513 | D:9      | Found a snail-covered altar of Cheibriados.
  6734 | D:9      | Noticed an ice statue
  6789 | D:9      | Killed an ice statue
  6822 | D:10     | Entered Level 10 of the Dungeon
  6830 | D:10     | Reached skill level 5 in Fighting
  6874 | D:10     | Noticed Gastronok
  6905 | D:10     | Killed Gastronok
  6906 | D:10     | Reached XP level 11. HP: 63/89 MP: 8/11
  6933 | D:10     | Found a glowing silver altar of Zin.
  6941 | D:10     | Learned a level 2 spell: Blink
  7145 | D:10     | Noticed a two-headed ogre
  7154 | D:10     | Killed a two-headed ogre
  7382 | D:10     | Reached skill level 5 in Dodging
  7561 | D:10     | Lost mutation: You are very agile. (Dex +8, Str/Int -2)
                  | [Jiyva's grace]
  7561 | D:10     | Lost mutation: Armour fits poorly on your pseudopods.
                  | [Jiyva's grace]
  7561 | D:10     | Gained mutation: You have large cloven feet. [Jiyva's
                  | grace]
  7561 | D:10     | Gained mutation: You have hoof-like feet. [Jiyva's grace]
  7561 | D:10     | Gained mutation: You have hooves in place of feet. [Jiyva's
                  | grace]
  7561 | D:10     | Gained mutation: You have a pair of small horns on your
                  | head. [Jiyva's grace]
  7561 | D:10     | Found a shimmering blue altar of Sif Muna.
  7822 | D:10     | Found an ornate altar of the Wu Jian Council.
  7954 | D:11     | Found Jucuf's Book Shoppe.
  8008 | D:11     | Got the Atlas of Loathsome Ice
  8119 | D:11     | Reached ***** piety under Jiyva
  8301 | D:11     | Noticed a boulder beetle
  8327 | D:11     | Killed a boulder beetle
  8375 | D:11     | Reached skill level 15 in Ranged Weapons
  9030 | Lair:1   | Entered Level 1 of the Lair of Beasts
  9483 | Lair:1   | Lost mutation: Your muscles are very strong. (Str +8,
                  | Int/Dex -2) [Jiyva's grace]
  9483 | Lair:1   | Lost mutation: You have acidic saliva. [Jiyva's grace]
  9483 | Lair:1   | Gained mutation: Your rubbery body absorbs attacks. (AC +1,
                  | EV +1) [Jiyva's grace]
  9483 | Lair:1   | Gained mutation: Your pliable body absorbs attacks. (AC +2,
                  | EV +2) [Jiyva's grace]
  9483 | Lair:1   | Gained mutation: Your gelatinous body deflects attacks. (AC
                  | +3, EV +3) [Jiyva's grace]
  9483 | Lair:1   | Gained mutation: Your tail ends in a venomous barb.
                  | [Jiyva's grace]
  9717 | Lair:1   | Reached XP level 12. HP: 103/103 MP: 12/12
 10109 | Lair:2   | Noticed Maggie
 10135 | Lair:2   | Killed Maggie
 10171 | Lair:2   | Reached ****** piety under Jiyva
 10278 | Lair:2   | Noticed Nergalle
 10574 | Lair:2   | Killed Nergalle
 10987 | Lair:3   | Lost mutation: You have a pair of small horns on your head.
                  | [Jiyva's grace]
 10987 | Lair:3   | Lost mutation: Your tail ends in a venomous barb. [Jiyva's
                  | grace]
 10987 | Lair:3   | Gained mutation: Your spells are a little harder to cast,
                  | but a little more powerful. [Jiyva's grace]
 10987 | Lair:3   | Gained mutation: Your spells are harder to cast, but more
                  | powerful. [Jiyva's grace]
 10987 | Lair:3   | Gained mutation: Your spells are much harder to cast, but
                  | much more powerful. [Jiyva's grace]
 10987 | Lair:3   | Gained mutation: Your muscles are very strong. (Str +8,
                  | Int/Dex -2) [Jiyva's grace]
 11055 | Lair:3   | Reached skill level 10 in Fighting
 11122 | Lair:3   | Reached skill level 16 in Ranged Weapons
 11426 | Lair:3   | Identified the +6 falchion of Absolution {flame, rElec
                  | rCorr}
 11577 | Lair:3   | Found a hole to the Spider Nest.
 11687 | Lair:3   | Reached skill level 10 in Dodging
 11687 | Lair:3   | Reached skill level 1 in Translocations
 11796 | Lair:3   | Found a staircase to the Shoals.
 11838 | Lair:3   | Noticed an eight-headed hydra
 11849 | Lair:3   | Killed an eight-headed hydra
 11850 | Lair:3   | Reached XP level 13. HP: 106/113 MP: 13/13
 12279 | Lair:4   | Reached skill level 5 in Translocations
 12527 | Lair:4   | Identified the +5 falchion of Infection {freeze, Dex+4}
 12627 | Lair:4   | Found a viscous altar of Jiyva.
 12629 | Lair:4   | Found a staircase to the Slime Pits.
 13125 | Lair:5   | Entered Level 5 of the Lair of Beasts
 13125 | Lair:5   | Noticed Snorg
 13232 | Lair:5   | Noticed Kirke
 13363 | D:12     | Noticed Fannar
 13520 | D:12     | Lost mutation: You have hooves in place of feet. [Jiyva's
                  | grace]
 13520 | D:12     | Lost mutation: You are agile. (Dex +4, Str/Int -1) [Jiyva's
                  | grace]
 13520 | D:12     | Lost mutation: Your spells are much harder to cast, but
                  | much more powerful. [Jiyva's grace]
 13520 | D:12     | Lost mutation: Your gelatinous body deflects attacks. (AC
                  | +3, EV +3) [Jiyva's grace]
 13520 | D:12     | Gained mutation: You are robust. (+10% HP) [Jiyva's grace]
 13520 | D:12     | Gained mutation: You are very robust. (+20% HP) [Jiyva's
                  | grace]
 13520 | D:12     | Gained mutation: You are extremely robust. (+30% HP)
                  | [Jiyva's grace]
 13520 | D:12     | Gained mutation: You have hooves in place of feet. [Jiyva's
                  | grace]
 13703 | D:12     | Killed Fannar
 13823 | D:12     | Found a staircase to the Orcish Mines.
 13898 | D:12     | Found a portal to a secret trove of treasure.
 14084 | D:12     | Found Zorr's Neck Hole.
 14228 | Orc:1    | Entered Level 1 of the Orcish Mines
 14375 | Orc:1    | Paralysed by an orc sorcerer for 2 turns
 14657 | Orc:2    | Entered Level 2 of the Orcish Mines
 14657 | Orc:2    | Noticed an orc warlord
 14674 | Orc:1    | Killed an orc warlord
 14853 | Orc:2    | Noticed Azrael
 14874 | Orc:1    | Killed Azrael
 14877 | Orc:1    | Gained mutation: Your large and strong wings let you fly.
                  | [Black Draconian growth]
 14877 | Orc:1    | Reached XP level 14. HP: 84/161 MP: 14/14
 14995 | Orc:2    | Found Hilefov's Magic Scroll Boutique.
 15005 | Orc:2    | Found Apsa's Antique Weapon Shoppe.
 15033 | Orc:2    | Found Wunuorew's Magic Scroll Shoppe.
 15092 | Orc:2    | Noticed an orc warlord
 15108 | Orc:2    | Killed an orc warlord
 15119 | Orc:2    | Bought a scroll of teleportation for 54 gold pieces
 15258 | Orc:2    | Found Teskethas's Jewellery Emporium.
 15278 | Orc:2    | Paralysed by an orc sorcerer for 4 turns
 15280 | Orc:2    | HP: 8/162 [orc knight/+1 vampiric battleaxe (16)]
 15281 | Orc:2    | Reached skill level 10 in Translocations
 15281 | Orc:2    | Shot with a bolt by an orc knight

Illustrated notes

Levels and vault maps discovered:
D:1:      ncdulo_wetmaze, layout_basic,
          dreamdust_ecumenical_altar_angels_and_demons, minmay_hedge_maze
D:2:      layout_rooms, minmay_rat_hole
D:3:      layout_basic, mainiacjoe_overflow_surrounded_room,
          kennysheep_okawaru_gauntlet, portal_sewer_entry_b,
          minmay_strange_pillars, uniq_robin
D:4:      layout_cave_pools, minmay_temple_entry_water_ring, serial_park,
          serial_park_square1 [serial_park_minivault_5x5_3],
          serial_park_tiny_pond, serial_park_square3
          [serial_park_minivault_5x5_5], serial_park_square1
          [serial_park_minivault_5x5_1], serial_shops, shop
D:5:      layout_cave_pools, serial_shops, shop, guppyfry_shop_venom
D:6:      layout_rooms, nicolae_ossuary_entry_false_entrances,
          minmay_misc_feat_enclosed
D:7:      layout_loops_corners
D:8:      cheibrodos_wizards_tower, layout_rooms, minmay_lair_entry_grove
D:9:      lemuel_ice_statue, layout_loops_ring, grunt_temple_overflow_open,
          nicolae_underground_beach
D:10:     layout_basic, mainiacjoe_overflow_alcove_1, marbit_many_paths,
          nicolae_wu_jian_glorious_leap, uniq_gastronok
D:11:     layout_grid_maze, serial_shops, nicolae_take_the_stairs
D:12:     layout_basic, david_orc_4, nicolae_trove_entry_diagonal,
          nicolae_shop_sticking_my_neck_out, uniq_fannar
Lair:1:   layout_cave_pods, grunt_forest_large_clearings
Lair:2:   layout_regular_city, uniq_maggie, uniq_nergalle
Lair:3:   lemuel_reptile_caves, layout_misc_corridors,
          minmay_shoals_entry_lonely_mermaid, spider_nest_entry_webs,
          serial_bayou_shore_b
Lair:4:   layout_gridlike, minmay_slime_entry_pillars
Lair:5:   evilmike_catoblepas_cave, layout_regular_city,
          kennysheep_basilisk_garden, uniq_kirke, uniq_snorg
Orc:1:    layout_caves, basic_altar
Orc:2:    st_orc_elflike, layout_caves, enter_volcano_1, guppyfry_orc_lava_fort,
          uniq_azrael, uniq_josephine

Skill      XL: |  1  2  3  4  5  6  7  8  9 10 11 12 13 14 |
---------------+-------------------------------------------+-----
Ranged Weapons | 4 5 6 8 9 11 13 14 15 16 | 16.8
Dodging        | 4 7 10 | 10.0
Fighting       | 5 8 10 11 | 11.8
Translocations | 3 9 10 | 10.0
Stealth        | |  0.8

Action                     |  1- 3 |  4- 6 |  7- 9 | 10-12 | 13-15 || total
---------------------------+-------+-------+-------+-------+-------++-------
  Melee: Unarmed           |       |       |       |       |     1 ||     1
   Fire: Shortbow          |   129 |   200 |   328 |  1365 |   310 ||  2332
         Longbow           |       |       |       |       |   550 ||   550
 Invoke: Oozemancy         |       |     1 |     6 |     3 |     5 ||    15
         Slimify           |       |       |       |     1 |       ||     1
Ability: Breathe Lightning |       |       |     3 |     4 |       ||     7
  Evoke: Wand              |       |       |       |     2 |       ||     2
         Lightning rod     |       |       |       |     1 |       ||     1
    Use: Scroll            |     1 |       |     1 |    20 |     6 ||    28
         Potion            |       |       |       |     3 |       ||     3
 Armour: Skin              |    23 |    14 |    59 |   207 |   166 ||   469
  Dodge: Dodged            |    49 |    58 |   106 |   758 |   696 ||  1667
         Repelled          |       |       |       |       |     3 ||     3

Table legend: (Time is in decaauts)
 A = Elapsed time spent in this place.
 B = Non-inter-level travel time spent in this place.
 C = Inter-level travel time spent in this place.
 D = Time resting spent in this place.
 E = Time spent auto-exploring this place.
 F = Levels seen in this place.
 G = Mean time per level.
                   A        B        C        D        E       F      G
               +--------+--------+--------+--------+--------+-----+--------+
         Total |  15412 |  14285 |   1127 |    292 |  10374 |  21 |  733.9 |
       Dungeon |   9727 |   8884 |    843 |    260 |   6841 |  12 |  810.6 |
          Lair |   4226 |   3998 |    228 |      1 |   2860 |   5 |  845.2 |
  Orcish Mines |   1010 |    954 |     56 |     31 |    491 |   2 |  505.0 |
         Sewer |    323 |    323 |      0 |      0 |    149 |   1 |  323.0 |
       Ossuary |    124 |    124 |      0 |      0 |     32 |   1 |  124.0 |
               +--------+--------+--------+--------+--------+-----+--------+

Top non-repeatable levels by time:
     D:7: 1356 daAuts
    D:10: 1240 daAuts
    D:11: 1161 daAuts
  Lair:3: 1153 daAuts
  Lair:4: 1092 daAuts
  Lair:1: 1079 daAuts
     D:9: 986 daAuts
  Lair:2: 869 daAuts
    D:12: 820 daAuts
     D:3: 747 daAuts
     D:1: 714 daAuts
     D:8: 697 daAuts
   Orc:1: 665 daAuts
     D:6: 569 daAuts
     D:2: 532 daAuts
